[Event "ICC tourney 2036 (15 5)"]
[Site "Internet Chess Club"]
[Date "2020.10.03"]
[Round "5"]
[White "spaceship314"]
[Black "ArushB"]
[Result "1-0"]
[ICCResult "Black checkmated"]
[WhiteElo "1201"]
[BlackElo "1151"]
[Opening "Scotch gambit: Anderssen (Paulsen, Suhle) counter-attack"]
[ECO "C50"]
[NIC "IG.02"]
[Time "16:04:44"]
[TimeControl "900+5"]

1. e4 e5 2. Nf3 Nc6 3. Bc4 Bc5 4. O-O d6 5. c3 Bg4 6. d4 exd4 7. cxd4 Bxd4
8. h3 Bxf3 9. Qxf3 Nf6 10. Qb3 b6 11. Bxf7+ Kf8 12. e5 Qd7 13. Be6 Qe7 14.
exf6 Qxf6 15. Bg4 Ne5 16. Qd5 Ke7 17. Qe4 Rae8 18. Qf5 Nxg4 19. Qxg4 Kf7 20.
Bg5 Qe6 21. Qxe6+ Rxe6 22. Nc3 Bxc3 23. bxc3 Rhe8 24. Bd2 Re2 25. Bf4 Rc2
26. Rfc1 Rce2 27. Kf1 R2e7 28. Bd2 a5 29. Re1 c5 30. Rxe7+ Rxe7 31. Re1 b5
32. Rxe7+ Kxe7 33. Ke2 Ke6 34. Kd3 Kd5 35. Bc1 a4 36. a3 g5 37. Bxg5 h5 38.
g4 hxg4 39. hxg4 Ke5 40. Bc1 Kf6 41. Ke4 b4 42. axb4 a3 43. Bxa3 Kg5 44. Kf3
d5 45. bxc5 Kf6 46. Kf4 Ke7 47. Ke5 Kd7 48. Kxd5 Ke7 49. f4 Ke8 50. f5 Ke7
51. g5 Ke8 52. f6 Kf7 53. c6 Ke8 54. g6 Kd8 55. f7 Kc7 56. f8=Q Kb6 57. g7
Kc7 58. g8=Q Kb6 59. Qb8+ Ka5 60. Qb4+ Ka6 61. Qa8# {Black checkmated} 1-0

[Event "ICC tourney 2036 (15 5)"]
[Site "Internet Chess Club"]
[Date "2020.10.03"]
[Round "5"]
[White "smalugu"]
[Black "mithu542"]
[Result "0-1"]
[ICCResult "White checkmated"]
[WhiteElo "1366"]
[BlackElo "775"]
[Opening "Sicilian: closed, 2...Nc6"]
[ECO "B23"]
[NIC "SI.44"]
[Time "16:05:00"]
[TimeControl "900+5"]

1. e4 c5 2. Nc3 Nc6 3. Nf3 g6 4. Bc4 Bg7 5. d3 e6 6. Bg5 Nge7 7. O-O b6 8.
Qd2 Bb7 9. Qf4 O-O 10. Qe3 a6 11. Bh6 b5 12. Bb3 b4 13. Ne2 a5 14. Qxc5 Bxh6
15. Qb5 Ba6 16. Qc5 d6 17. Qxc6 Nxc6 18. Ba4 Qb6 19. Bxc6 Qxc6 20. c4 Qb6
21. Ned4 e5 22. Nc2 Bb7 23. Ne3 Bxe3 24. fxe3 Qxe3+ 25. Kh1 Qxd3 26. Rfd1
Qxc4 27. Rxd6 Bxe4 28. Nxe5 Qc2 29. Rg1 Rac8 30. Rdd1 Rc5 31. Nd7 Rg5 32.
Nxf8 Rxg2 33. Rd2 Qxd2 34. Nxg6 Rxg6+ 35. Rg2 Qxg2# {White checkmated} 0-1

[Event "ICC tourney 2036 (15 5)"]
[Site "Internet Chess Club"]
[Date "2020.10.03"]
[Round "5"]
[White "yesiwillbeatyou"]
[Black "Deng20"]
[Result "0-1"]
[ICCResult "White checkmated"]
[WhiteElo "1527"]
[BlackElo "1438"]
[Opening "Four knights game"]
[ECO "C47"]
[NIC "KP.06"]
[Time "16:04:41"]
[TimeControl "900+5"]

1. e4 e5 2. Nf3 Nc6 3. Nc3 Nf6 4. d3 h6 5. Be2 Bb4 6. Bd2 O-O 7. O-O d6 8.
a3 Bc5 9. b4 Bb6 10. Na2 Be6 11. a4 a5 12. b5 Nb8 13. Bc3 Nbd7 14. d4 exd4
15. Nxd4 Nxe4 16. Qd3 Nxc3 17. Qxc3 Bxd4 18. Qxd4 Nc5 19. Bc4 Bxc4 20. Qxc4
b6 21. Qc3 Nxa4 22. Qd4 Nc5 23. Rfe1 Qd7 24. Nc3 c6 25. Re3 cxb5 26. Rg3 Ne6
27. Qxb6 Rfb8 28. Qe3 Ng5 29. Ne4 Nxe4 30. Qxe4 a4 31. Qd4 f6 32. Qb4 Qc6
33. Rc3 Qd7 34. Kf1 d5 35. Rd3 Rb7 36. Raa3 Rc7 37. c3 Rc4 38. Qb2 Kf7 39.
Rd4 Rxd4 40. cxd4 Qb7 41. Qa2 Qc6 42. Ke2 b4 43. Rf3 b3 44. Qa3 Qb5+ 45. Kd2
b2 46. Re3 b1=N+ 47. Kc2 Nxa3+ 48. Rxa3 Qc4+ 49. Kb2 Qxd4+ 50. Ka2 Qd2+ 51.
Ka1 Qc1+ 52. Ka2 Rb8 53. Rxa4 Qb2# {White checkmated} 0-1

[Event "ICC tourney 2036 (15 5)"]
[Site "Internet Chess Club"]
[Date "2020.10.03"]
[Round "5"]
[White "Bigbusyracecar"]
[Black "agastyap"]
[Result "1-0"]
[ICCResult "Black checkmated"]
[WhiteElo "1329"]
[BlackElo "1320"]
[Opening "Giuoco Piano"]
[ECO "C50"]
[NIC "IG.02"]
[Time "16:05:00"]
[TimeControl "900+5"]

1. e4 e5 2. Nf3 Nc6 3. Bc4 Bc5 4. O-O Nf6 5. Nc3 O-O 6. d3 d6 7. Bg5 Bg4 8.
Nd5 Nd4 9. Nxf6+ gxf6 10. Bh6 Nxf3+ 11. gxf3 Bh3 12. Bxf8 Bxf1 13. Qxf1 Qxf8
14. Qg2+ Qg7 15. Qxg7+ Kxg7 16. Kg2 Bd4 17. c3 Bb6 18. b4 Rg8 19. Rg1 Kh8+
20. Kf1 Rxg1+ 21. Kxg1 c6 22. Bxf7 Kg7 23. Bb3 c5 24. bxc5 Bxc5 25. Kg2 h5
26. Kg3 Kg6 27. h4 f5 28. exf5+ Kxf5 29. Bd5 b6 30. Be4+ Ke6 31. Bg6 b5 32.
Bxh5 b4 33. cxb4 Bxb4 34. Kg4 Be1 35. Kg3 Ke7 36. Bg6 Bc3 37. h5 Bd2 38. Be4
Ke6 39. Kg4 d5 40. Bf5+ Kf6 41. Bd7 a5 42. Bc6 d4 43. a4 Be1 44. Kg3 Kg5 45.
Be8 Bd2 46. Kg2 Kf6 47. Bg6 Kg7 48. Kf1 Bh6 49. Kg2 Kf6 50. Kg3 Kg5 51. Kh3
Kf4 52. Kg2 Kg5 53. Bf7 Kf6 54. Bg6 Kg5 55. Kg3 Kf6 56. Kg4 Kg7 57. Kf5 Bf4
58. Ke6 Kf8 59. Kf6 Kg8 60. Bf7+ Kh7 61. Bg6+ Kh6 62. Kf7 Bc1 63. Kf6 Bf4
64. Kf5 Kg7 65. Ke6 Kf8 66. Kf6 Kg8 67. Be8 Kh7 68. Kf7 Kh6 69. Kg8 Bg5 70.
Kf8 Bh4 71. Kg8 Bxf2 72. Kf7 Be3 73. Ke6 Bf4 74. Kd5 Bg3 75. Ke4 Bf4 76. Kd5
Bg5 77. Kc5 Bd8 78. Kd5 Bf6 79. Kc6 Bd8 80. Kd7 Bg5 81. Kc6 Bd2 82. Kd5 Bf4
83. Kc5 Bd2 84. Kc4 Be3 85. Bg6 Kg7 86. Kd5 Bf4 87. Ke4 Kh6 88. Kf5 Bh2 89.
Kg4 Bf4 90. Kf5 Kg7 91. Ke6 Kh6 92. Ke7 Bg5+ 93. Kd6 Bf4 94. Kd5 Kg7 95. Ke6
Kh6 96. Kf5 Kg7 97. Kg4 Kh6 98. Kh4 Bg5+ 99. Kg4 Bf4 100. Kh3 Bg5 101. Kg4
Bf4 102. Kf5 Kg7 103. Ke6 Kh6 104. Kf6 Bh2 105. Kf7 Bf4 106. Kf6 Bh2 107.
Kf5 Bf4 108. Kg4 Kg7 109. Kf5 Kh6 110. Kf6 Bh2 111. Ke7 Bf4 112. Kd7 Bg5
113. Kc6 Bd8 114. Kd6 Bg5 115. Kxe5 Kg7 116. Kxd4 Bf6+ 117. Kc4 Kh6 118. Kb5
Bc3 119. Kc4 Bb4 120. d4 Bf8 121. Kb5 Bg7 122. Kxa5 Bxd4 123. Kb5 Bg1 124.
a5 Ba7 125. Kc6 Bf2 126. Kb7 Be3 127. a6 Bd4 128. a7 Bxa7 129. Kxa7 Kg5 130.
f4+ Kxf4 131. h6 Kg5 132. h7 Kxg6 133. h8=Q Kg5 134. Kb6 Kf5 135. Qh6 Ke5
136. Qf8 Ke6 137. Qg7 Kf5 138. Qh6 Ke5 139. Qf8 Ke6 140. Qd8 Ke5 141. Qh4
Kf5 142. Kc6 Ke5 143. Kc5 Kf5 144. Kd4 Ke6 145. Qg5 Kf7 146. Qh6 Ke7 147.
Ke5 Kd7 148. Qd6+ Ke8 149. Qc7 Kf8 150. Kf6 Kg8 151. Qg7# {Black checkmated}
1-0

[Event "ICC tourney 2036 (15 5)"]
[Site "Internet Chess Club"]
[Date "2020.10.03"]
[Round "6"]
[White "Rosalina2013"]
[Black "buddyram"]
[Result "0-1"]
[ICCResult "White checkmated"]
[WhiteElo "1067"]
[BlackElo "1308"]
[Opening "Giuoco Pianissimo: Canal variation"]
[ECO "C47"]
[NIC "KP.06"]
[Time "17:01:47"]
[TimeControl "900+5"]

1. e4 e5 2. Nf3 Nc6 3. Nc3 Nf6 4. Bc4 Bc5 5. d3 d6 6. Bg5 h6 7. Bxf6 Qxf6 8.
O-O Bg4 9. Qd2 O-O 10. Qe2 Nd4 11. Qd1 Bxf3 12. Qe1 Qg5 13. g3 Be2 14. Nxe2
Nf3+ 15. Kg2 Nxe1+ 16. Rfxe1 Qf6 17. h4 Qxf2+ 18. Kh3 Qf6 19. g4 Qf3+ 20.
Kh2 Qxg4 21. h5 Qxh5+ 22. Kg2 Qg4+ 23. Kf1 Qf3# {White checkmated} 0-1

[Event "ICC tourney 2036 (15 5)"]
[Site "Internet Chess Club"]
[Date "2020.10.03"]
[Round "6"]
[White "FGMAmaniRapid"]
[Black "loosehornet"]
[Result "0-1"]
[ICCResult "White checkmated"]
[WhiteElo "248"]
[BlackElo "1197"]
[Opening "Two knights defense"]
[ECO "C58"]
[NIC "KP.01"]
[Time "17:01:39"]
[TimeControl "900+5"]

1. e4 e5 2. Nf3 Nc6 3. Bc4 Nf6 4. Ng5 d5 5. exd5 Na5 6. Bb5+ c6 7. dxc6 bxc6
8. Ba4 Nd5 9. Nf3 Nb6 10. Bb3 Bc5 11. Nxe5 Qe7 12. Qe2 O-O 13. O-O Re8 14.
Re1 Bd4 15. Nxf7 Qxe2 16. Rxe2 Rxe2 17. Nc3 Re1# {White checkmated} 0-1

[Event "ICC tourney 2036 (15 5)"]
[Site "Internet Chess Club"]
[Date "2020.10.03"]
[Round "6"]
[White "agastyap"]
[Black "soumyatejachess"]
[Result "0-1"]
[ICCResult "White resigns"]
[WhiteElo "1295"]
[BlackElo "1368"]
[Opening "Sicilian defense"]
[ECO "B33"]
[NIC "SI.32"]
[Time "17:01:37"]
[TimeControl "900+5"]

1. e4 c5 2. d4 cxd4 3. Nf3 Nc6 4. Nxd4 Nf6 5. Nxc6 bxc6 6. Nc3 Bb7 7. e5 Nd5
8. Nxd5 cxd5 9. Bd2 Qb6 10. Be3 Qc6 11. a4 e6 12. Bb5 Qc8 13. O-O Be7 14.
Qd3 O-O 15. Bd2 Qc7 16. Bc3 a6 17. Bxd7 Qxd7 18. Qg3 d4 19. Bd2 g6 20. Bh6
Rfe8 21. f4 Rac8 22. Rf2 Bc5 23. Rf3 d3+ 24. Kh1 Bxf3 25. gxf3 dxc2 26. Rc1
Qd2 27. Qe1 Qxe1+ 28. Rxe1 Bb4 29. Rc1 Bd2 {White resigns} 0-1

[Event "ICC tourney 2036 (15 5)"]
[Site "Internet Chess Club"]
[Date "2020.10.03"]
[Round "6"]
[White "smalugu"]
[Black "spaceship314"]
[Result "1-0"]
[ICCResult "Black checkmated"]
[WhiteElo "1382"]
[BlackElo "1181"]
[Opening "Giuoco Piano"]
[ECO "C54"]
[NIC "IG.02"]
[Time "17:01:50"]
[TimeControl "900+5"]

1. e4 e5 2. Nf3 Nc6 3. Bc4 Bc5 4. c3 Nf6 5. d4 exd4 6. cxd4 Bd6 7. e5 Bxe5
8. dxe5 Ng4 9. O-O O-O 10. h3 Ngxe5 11. Nxe5 Nxe5 12. Qd5 Nxc4 13. Qxc4 d5
14. Qd4 c5 15. Qxc5 b6 16. Qe3 Qd6 17. Qd3 g6 18. Rd1 Bf5 19. Qxd5 Qxd5 20.
Rxd5 Rad8 21. Rxd8 Rxd8 22. Bg5 Rd1+ 23. Kh2 Kg7 24. g4 Be4 25. Kg3 Rd3+ 26.
Kf4 Rd4 27. Nc3 Bd3+ 28. Ke5 Re4+ 29. Nxe4 Bxe4 30. Kxe4 f6 31. Be3 f5+ 32.
gxf5 gxf5+ 33. Kxf5 h5 34. Rd1 Kf7 35. Rd7+ Ke8 36. Rxa7 Kd8 37. Kg5 Ke8 38.
Kxh5 Kf8 39. f4 Ke8 40. f5 Kf8 41. Kg6 Ke8 42. f6 Kf8 43. f7 b5 44. Bc5#
{Black checkmated}
1-0

[Event "ICC tourney 2036 (15 5)"]
[Site "Internet Chess Club"]
[Date "2020.10.03"]
[Round "6"]
[White "NashtheFlash"]
[Black "JoshuaGold"]
[Result "1-0"]
[ICCResult "Black checkmated"]
[WhiteElo "1284"]
[BlackElo "1222"]
[Opening "Giuoco Pianissimo: Italian four knights variation"]
[ECO "C50"]
[NIC "IG.02"]
[Time "17:03:50"]
[TimeControl "900+5"]

1. e4 e5 2. Nf3 Nc6 3. Bc4 Bc5 4. Nc3 Nf6 5. d3 O-O 6. Bg5 h6 7. Bh4 d6 8.
O-O Bg4 9. h3 Bd7 10. Qd2 Nb4 11. a3 Nc6 12. Nb5 a6 13. Nc3 Bd4 14. Nd5 Nxd5
15. Bxd5 Bxb2 16. Rab1 Be6 17. Bxe6 fxe6 18. Bxd8 Nxd8 19. Rxb2 Nc6 20. Rxb7
Nd8 21. Rxc7 d5 22. Ng5 dxe4 23. dxe4 hxg5 24. Qxg5 Nf7 25. Qg6 Rfd8 26.
Qxf7+ Kh8 27. Qxg7# {Black checkmated} 1-0

[Event "ICC tourney 2036 (15 5)"]
[Site "Internet Chess Club"]
[Date "2020.10.03"]
[Round "6"]
[White "ArushB"]
[Black "RyanD"]
[Result "0-1"]
[ICCResult "White checkmated"]
[WhiteElo "1117"]
[BlackElo "1202"]
[Opening "Two knights defense"]
[ECO "C55"]
[NIC "IG.01"]
[Time "17:01:41"]
[TimeControl "900+5"]

1. e4 e5 2. Nf3 Nc6 3. Bc4 Nf6 4. O-O Nxe4 5. Nc3 Nxc3 6. dxc3 Bc5 7. Bg5
Be7 8. Be3 O-O 9. Re1 d6 10. Qd2 Bg4 11. Qd1 Na5 12. b3 Nxc4 13. bxc4 c6 14.
Qd3 d5 15. Nxe5 Qc8 16. f3 Bf5 17. Qd2 dxc4 18. Nxc4 Rd8 19. Qe2 Qe6 20.
Red1 Rxd1+ 21. Rxd1 Rd8 22. Rxd8+ Bxd8 23. g4 Bg6 24. Kf2 Bh4+ 25. Kf1 h5
26. h3 Qc8 27. Kg2 Qc7 28. Kf1 Qg3 29. g5 Qxh3+ 30. Qg2 Qe6 31. Qe2 f5 32.
Bf4 Bf7 33. Qxe6 Bxe6 34. Kg2 Bxc4 35. Bg3 Bxg3 36. Kxg3 Bxa2 37. Kh4 Kf7
38. Kxh5 a5 39. g6+ Kf6 40. f4 a4 41. c4 a3 42. c5 Bc4 43. c3 a2 44. Kh4
a1=Q 45. Kh3 Qxc3+ 46. Kh4 Qe1+ 47. Kh3 Bf1+ 48. Kh2 Qe2+ 49. Kg1 Qg2#
{White checkmated}
0-1

[Event "ICC tourney 2036 (15 5)"]
[Site "Internet Chess Club"]
[Date "2020.10.03"]
[Round "6"]
[White "meawesome123"]
[Black "yesiwillbeatyou"]
[Result "0-1"]
[ICCResult "White checkmated"]
[WhiteElo "1162"]
[BlackElo "1527"]
[Opening "Sicilian defense"]
[ECO "B30"]
[NIC "SI.31"]
[Time "17:02:11"]
[TimeControl "900+5"]

1. e4 c5 2. Nf3 Nc6 3. Bc4 e5 4. O-O Nf6 5. Nc3 d6 6. Be2 d5 7. d3 d4 8. Nb5
a6 9. Na3 b5 10. c3 Be7 11. b4 O-O 12. cxd4 cxd4 13. Bd2 Qb6 14. Rc1 a5 15.
Qc2 Nxb4 16. Bxb4 Bxb4 17. Nb1 a4 18. Qc7 Qa6 19. Nxe5 Bd6 20. Qc6 Bxe5 21.
Qc2 Bf4 22. Rce1 Be6 23. g3 Rac8 24. Qb2 Be5 25. Kg2 Bg4 26. Bxg4 Nxg4 27.
Kf3 Nxh2+ 28. Kg2 Nxf1 29. Rxf1 Qg6 30. Qxb5 Rc2 31. Qxe5 Rxa2 32. Qxd4 Qg4
33. Nc3 Ra3 34. Nxa4 Ra8 35. Nb6 Re8 36. f3 Qe6 37. Nd5 Rd8 38. Qe3 Ra2+ 39.
Kg1 Qh3 40. Rf2 Ra1+ 41. Rf1 Qxf1+ 42. Kh2 Qh1# {White checkmated} 0-1

[Event "ICC tourney 2036 (15 5)"]
[Site "Internet Chess Club"]
[Date "2020.10.03"]
[Round "6"]
[White "Deng20"]
[Black "hollydood"]
[Result "1-0"]
[ICCResult "Black resigns"]
[WhiteElo "1468"]
[BlackElo "1479"]
[Opening "Caro-Kann defense"]
[ECO "B15"]
[NIC "CK.05"]
[Time "17:01:56"]
[TimeControl "900+5"]

1. e4 c6 2. Nc3 d5 3. d4 Nf6 4. e5 Ne4 5. Nxe4 dxe4 6. Be3 Bf5 7. Bc4 e6 8.
Ne2 b5 9. Bb3 a5 10. a4 b4 11. O-O Nd7 12. Ng3 Be7 13. Nxf5 exf5 14. Qe2 Bg5
15. Bxf7+ Kxf7 16. Qh5+ g6 17. Qxg5 Qxg5 18. Bxg5 c5 19. dxc5 Nxe5 20. Rfe1
Rac8 21. Be3 Nc4 22. Bd4 Rhd8 23. Rad1 Ke6 24. b3 Ne5 25. f4 Ng4 26. h3 Nf6
27. Be3 Nd5 28. Kf2 Nxe3 29. Rxd8 Rxd8 30. Rxe3 Rc8 31. c3 Rxc5 32. cxb4
axb4 33. Ke2 h5 34. h4 Rc2+ 35. Kf1 Rc1+ 36. Kf2 Kd5 37. Re1 Rc5 38. Rd1+
Ke6 39. Ra1 Rc2+ 40. Kg3 Rc3+ 41. Kh2 Rxb3 42. a5 Ra3 43. Rb1 Rxa5 44. Rxb4
Rd5 45. Rb6+ Rd6 46. Rb8 Kd7 47. Rb5 Re6 48. Kg1 e3 49. Rb1 Re4 50. g3 Kd6
51. Re1 Kd5 52. Kg2 Kd4 53. Kf3 Kd3 54. Re2 Kd4 55. Re1 e2 56. Rxe2 Rxe2 57.
Kxe2 Ke4 58. Kf2 Kd3 59. Kf3 Kd2 60. Kf2 Kd3 61. Kf3 Kd4 62. Kg2 Ke3 63. Kh3
Kf3 64. Kh2 Kg4 65. Kg2 g5 66. hxg5 h4 67. gxh4 Kh5 68. Kg3 Kg6 69. Kf3 Kh5
70. Kg3 Kg6 71. Kf3 Kh5 72. Ke3 Kg6 73. Kd4 Kh5 74. Ke5 Kg6 75. Ke6 Kh5 76.
Kxf5 Kxh4 77. g6 {Black resigns} 1-0

[Event "ICC tourney 2036 (15 5)"]
[Site "Internet Chess Club"]
[Date "2020.10.03"]
[Round "6"]
[White "Cutecaptain"]
[Black "dany-rivera"]
[Result "0-1"]
[ICCResult "White checkmated"]
[WhiteElo "1310"]
[BlackElo "1415"]
[Opening "Sicilian: Canal-Sokolsky attack, 3...Bd7"]
[ECO "B52"]
[NIC "SI.01"]
[Time "17:01:57"]
[TimeControl "900+5"]

1. e4 c5 2. Nf3 d6 3. Bb5+ Bd7 4. Bxd7+ Nxd7 5. Nc3 Ngf6 6. d3 e6 7. Bg5 Be7
8. O-O O-O 9. Nd2 h6 10. Bh4 Re8 11. h3 d5 12. exd5 exd5 13. Re1 d4 14. Nb5
a6 15. Na3 Qc7 16. Nac4 b5 17. Bg3 Qd8 18. Na3 b4 19. Nab1 Rc8 20. c3 bxc3
21. bxc3 dxc3 22. Nxc3 Nb6 23. Nf3 Nfd7 24. Re3 f6 25. Qb3+ Kh8 26. a4 c4
27. dxc4 Nxc4 28. Ree1 Na5 29. Qb1 Rxc3 30. Rc1 Rb3 31. Qg6 Nf8 32. Rd1 Nxg6
33. Rxd8 Rxd8 34. Rc1 Rbd3 35. Rc7 Rd1+ 36. Kh2 f5 37. Ra7 f4 38. Bxf4 Nxf4
39. Rxe7 Nh5 40. Ra7 Rc8 41. Rxa6 Rcc1 42. Ra8+ Kh7 43. Ng1 Rxg1 44. Rh8+
Kxh8 45. g4 Nf4 46. g5 hxg5 47. h4 g4 48. h5 Ne2 49. h6 Rh1+ 50. Kg2 Rcg1#
{White checkmated}
0-1

[Event "ICC tourney 2036 (15 5)"]
[Site "Internet Chess Club"]
[Date "2020.10.03"]
[Round "6"]
[White "mithu542"]
[Black "Bigbusyracecar"]
[Result "1-0"]
[ICCResult "Black checkmated"]
[WhiteElo "793"]
[BlackElo "1227"]
[Opening "Sicilian: Sozin attack"]
[ECO "B86"]
[NIC "SI.01"]
[Time "17:01:43"]
[TimeControl "900+5"]

1. e4 c5 2. Nf3 d6 3. Nc3 Nf6 4. Bc4 e6 5. d4 cxd4 6. Nxd4 d5 7. Bd3 dxe4 8.
Nxe4 Qxd4 9. Bb5+ Qd7 10. Nxf6+ gxf6 11. Bxd7+ Bxd7 12. Be3 Bg7 13. Qd3 Bc6
14. Rd1 O-O 15. Bd2 Nd7 16. Qg3 Kh8 17. O-O e5 18. Rfe1 f5 19. Bc3 f4 20.
Qh4 Bf6 21. Qh5 Rg8 22. g3 fxg3 23. hxg3 Rg5 24. Qxf7 Rg7 25. Qc4 b5 26. Qd3
e4 27. Qe3 Bxc3 28. Qxc3 Rc8 29. Rxe4 Bb7 30. Rxd7 Rxc3 31. Re8+ Rg8 32.
Rxg8+ Kxg8 33. bxc3 Bc6 34. Rxa7 Kf8 35. Rxh7 Kg8 36. Rc7 Bd5 37. Ra7 Bc4
38. a3 Kf8 39. Rc7 Kg8 40. a4 Kf8 41. axb5 Bxb5 42. c4 Ba6 43. Kg2 Ke8 44.
Kh3 Kd8 45. Ra7 Bxc4 46. Ra5 Be6+ 47. Kh4 Ke7 48. Rc5 Kd6 49. Rc3 Ke5 50. g4
Kf4 51. g5 Kf5 52. Rg3 Kg6 53. f4 Bf5 54. c4 Bd7 55. Rf3 Kf5 56. Kh5 Be8+
57. Kh6 Kg4 58. Re3 Bf7 59. g6 Bxg6 60. Kxg6 Kxf4 61. Rc3 Ke5 62. Kf7 Kd6
63. Ke8 Kc7 64. Ke7 Kc6 65. Kd8 Kc5 66. Kc8 Kc6 67. c5 Kb5 68. c6 Kb6 69. c7
Kb5 70. Kd7 Kb4 71. Rc1 Kb5 72. c8=R Kb4 73. Rb8+ Ka5 74. Ra1#
{Black checkmated}
1-0